Map: Newkirk Precinct TE (Void)

Players

Fropez - Winner!

  • Race: Protoss Protoss
  • League: Gold
  • Spawn Location: 5:00

DEN

  • Race: Terran Terran
  • League: Gold
  • Spawn Location: 7:00

VOD

Have the link to the VOD?

Description

Time

  • Played on: Dec. 7, 2016, 7:30 p.m.
  • Length: 13:33
Show
View Real Time Build Order
Export as new Build Order

Fropez Protoss - Winner!

Build Orders: Oracle Opening 

Get SALT Encoding   

  12  0:01  Probe (Chrono Boost)  
  13  0:14  Pylon  
  13  0:19  Probe (Chrono Boost)  
  14  0:30  Probe (Chrono Boost)  
  14  0:34  Gateway  
  15  0:41  Probe (Chrono Boost)  
  16  0:46  Assimilator  
  16  0:51  Probe (Chrono Boost)  
  17  0:57  Assimilator  
  17  1:02  Probe (Chrono Boost)  
  18  1:12  Probe (Chrono Boost)  
  19  1:22  Cybernetics Core  
  19  1:27  Probe (Chrono Boost)  
  20  1:47  Probe (Chrono Boost)  
  20  1:48  Pylon  
  21  1:59  Pylon  
  21  2:07  Stargate  
  23  2:15  Mothership Core (Chrono Boost)  
  23  2:29  Adept  
  25  2:40  Probe (Chrono Boost)  
  26  2:49  Oracle (Chrono Boost)  
  29  2:52  Nexus  
  29  2:56  Probe  
  30  3:07  Warp Gate (Chrono Boost)  
  30  3:11  Probe  
  31  3:17  Gateway  
  31  3:23  Pylon  
  31  3:27  Oracle (Chrono Boost)  
  34  3:54  Probe  
  35  3:58  Oracle (Chrono Boost)  
  38  4:03  Gateway  
  38  4:08  Probe  
  39  4:10  Probe  
  39  4:13  Pylon  
  39  4:15  Pylon  
  40  5:10  Probe  
  40  5:12  Probe  
  42  5:15  Assimilator  
  42  5:20  Pylon x2, Assimilator  
  42  5:27  Twilight Council  
  42  5:32  Pylon, Forge  
  42  5:34  Adept x3  
  48  5:36  Pylon  
  48  6:01  Adept x3  
  54  6:06  Protoss Ground Weapons Level 1 (Chrono Boost)  
  54  6:10  Probe  
  54  6:11  Pylon, Probe  
  54  6:14  Gateway  
  56  6:22  Resonating Glaives (Chrono Boost)  
  56  6:29  Gateway x2  
  56  6:33  Probe x2  
  56  6:35  Adept  
  56  6:39  Adept  
  62  7:02  Probe x2  
  62  7:05  Gateway  
  62  7:06  Templar Archives  
  64  7:14  Adept x2, Probe  
  69  7:46  Stalker x2  
  69  7:51  Nexus  
  73  8:03  Probe x2  
  75  8:26  High Templar x6  
  75  8:27  High Templar  
  89  8:36  Probe x2  
  89  8:38  Archon x3  
  91  8:48  Probe  
  91  8:50  Protoss Shields Level 1  
  91  8:52  Gateway x2  
  92  8:56  Psionic Storm  
  92  8:57  Gateway  
  92  8:58  Probe  
  92  9:00  Probe  
  94  9:06  Stalker x2  
  94  9:20  Stalker x3  
  91  9:29  Pylon  
  90  9:34  Stalker  
  83  9:48  Stalker  
  83  9:49  Stalker  
  83  9:50  Stalker  
  77  10:07  Probe x2  
  77  10:08  Pylon, Probe  
  77  10:10  Pylon  
  77  10:13  Pylon  
  80  10:17  Probe  
  80  10:18  Pylon  
  80  10:19  High Templar x2  
  80  10:20  High Templar x3, Probe  
  92  10:23  Archon  
  92  10:24  Archon  
  92  10:33  High Templar  
  94  10:38  Stalker  
  96  10:42  Archon  
  96  10:48  Probe x2  
  96  10:49  Assimilator  
  98  10:54  Assimilator  
  98  11:05  High Templar x2  
  98  11:09  Archon  
  98  11:10  Zealot x2  
  98  11:11  Zealot x4  
  114  11:42  Probe  
  114  11:43  Probe  
  114  11:45  Probe  
  117  11:54  Stalker  
  117  11:55  Stalker  
  121  12:08  Stalker x4  
  121  12:09  Stalker x2  
  130  12:36  Probe  
  130  12:37  Probe x2  
Show
View Real Time Build Order
Export as new Build Order

DEN Terran 

Build Orders: MMM Bio 

Get SALT Encoding   

  12  0:03  SCV  
  13  0:16  SCV  
  14  0:28  SCV, Supply Depot  
  15  0:33  Refinery  
  15  0:50  SCV  
  15  0:52  Barracks  
  16  1:02  SCV  
  17  1:14  SCV  
  17  1:18  Refinery  
  18  1:26  SCV  
  19  1:37  Barracks  
  19  1:43  Orbital Command  
  19  1:59  Barracks Tech Lab  
  19  2:05  Supply Depot  
  19  2:12  SCV  
  20  2:20  Factory  
  20  2:31  Stimpack  
  20  2:36  Barracks Tech Lab  
  20  2:40  Marine  
  20  3:00  Marine, Marauder  
  20  3:04  Combat Shields  
  23  3:07  Barracks  
  23  3:15  Factory Reactor, Starport  
  23  3:24  Marauder  
  25  3:28  SCV  
  26  3:37  Marauder  
  24  4:11  Engineering Bay  
  24  4:16  Barracks Tech Lab  
  24  4:22  Marine  
  24  4:23  Marine  
  26  4:33  Cyclone  
  26  4:35  Concussive Shells  
  26  4:37  Marine  
  30  4:40  Marine  
  31  4:45  Missile Turret  
  31  4:58  Marine  
  31  5:00  Marine  
  31  5:01  Marine  
  26  5:24  SCV  
  27  5:34  Marauder  
  29  5:36  Marauder  
  31  5:46  SCV  
  30  6:01  Missile Turret  
  30  6:11  Factory Tech Lab  
  30  6:15  SCV  
  31  6:39  Supply Depot  
  31  7:01  SCV, Viking, Marauder, Medivac  
  38  7:13  SCV  
  39  7:34  SCV, Marauder  
  42  7:45  Medivac  
  44  7:51  Medivac  
  46  8:05  Marine  
  47  8:50  Supply Depot  
  47  9:12  SCV, Medivac x2  
  23  10:04  Marauder x3  
  29  10:12  Command Center  
  29  10:22  Medivac x2  
  33  10:29  Marauder  
  35  11:00  Marauder  
  35  11:01  Marauder x2  
  41  11:07  SCV  
  42  11:21  SCV  
  42  11:22  Marauder  
  45  11:33  SCV  
  45  11:38  Orbital Command  
  46  11:46  SCV  
  46  11:47  Marauder  
  49  11:58  SCV  
  50  12:10  SCV  
  47  12:43  Marauder x2  
Tags
 
Composition
MMM Bio
League
GoldGold
Matchup
PvT
Replay Pack
All Mines
Spawn Locations
Close Positions
Add a new tag
Caveats
  • Supply blocks, unpowered buildings, or Contaminate may cause inaccurate times.
  • Supply counts are checked every 10 seconds.